 Dungeon Crawl Stone Soup version 0.28.0-45-g0d030f2227 (webtiles) character file.

Game seed: 2381784746864135449

40 seaoflcl the Skirmisher (level 3, -1/29 HPs)
             Began as a Human Fighter on Apr 24, 2022.
             Succumbed to an adder's poison
             ... on level 2 of the Dungeon.
             The game lasted 00:01:14 (2370 turns).

seaoflcl the Skirmisher (Human Fighter)             Turns: 2370, Time: 00:01:15

Health: -1/29      AC:  6    Str: 18    XL:     3   Next: 72%
Magic:  3/3        EV:  9    Int:  8    God:
Gold:   46         SH:  4    Dex: 12    Spells: 2/2 levels left

rFire   . . .      SeeInvis .   a - +0 long sword
rCold   . . .      Faith    .   c - +0 buckler
rNeg    . . .      Spirit   .   b - +0 scale mail
rPois   .          Reflect  .   (no helmet)
rElec   .          Harm     .   (no cloak)
rCorr   .          Rampage  .   (no gloves)
Will    .....                   (no boots)
Stlth   ..........              (no amulet)
HPRegen 0.09/turn               (no ring)
MPRegen 0.08/turn               (no ring)

@: lethally poisoned (-1 -> -12)
A: no striking features
a: no special abilities


You were on level 2 of the Dungeon.
You visited 1 branch of the dungeon, and saw 2 of its levels.

You collected 46 gold pieces.

Inventory:

Hand Weapons
 a - a +0 long sword (weapon)
Missiles
 p - 38 sling bullets
Armour
 b - a +0 scale mail (worn)
 c - a +0 buckler (worn)
Jewellery
 l - a ring of fire
Scrolls
 e - a scroll of vulnerability {unknown}
 i - a scroll of fog {unknown}
 j - 2 scrolls of blinking {unknown}
 n - a scroll of amnesia {unknown}
 q - a scroll of teleportation {unknown}
Potions
 d - 2 potions of might
 f - a potion of brilliance {unknown}
 g - a potion of lignification {unknown}
 h - a potion of cancellation {unknown}
 k - a potion of heal wounds {unknown}
 m - a potion of flight {unknown}
 o - a potion of berserk rage {unknown}


   Skills:
 + Level 3.4 Fighting
 + Level 2.5 Long Blades
 + Level 3.4 Armour
 + Level 3.3 Shields


You had 2 spell levels left.
You didn't know any spells.
Your spell library contained the following spells:

 Spells                   Type           Power      Damage    Failure   Level
 Magic Dart               Conj           0%         1d3       87%         1
 Searing Ray              Conj           0%         2d4       95%         2
 Fulminant Prism          Conj/Hex       0%         3d6       100%        4
 Fireball                 Conj/Fire      0%         3d3       100%        5
 Starburst                Conj/Fire      0%         6d3       100%        6
 Ignition                 Fire           0%         3d3       100%        8


Dungeon Overview and Level Annotations

Branches:
Dungeon (2/15)

Altars:


Message History

The adder closely misses you. The hobgoblin barely misses you.
The adder closely misses you.
You hit the adder.
The adder is almost dead.
The hobgoblin closely misses you. The adder bites you.
You closely miss the adder.
The adder is almost dead.
The adder closely misses you. You block the hobgoblin's attack.
The adder bites you.
You are poisoned.
The adder poisons you!
The hobgoblin hits you but does no damage.
You hit the adder but do no damage.
The adder is almost dead.
You feel very sick. The adder bites you but does no damage.
You block the hobgoblin's attack. The adder bites you.
You are more poisoned.
The adder poisons you!
You closely miss the adder.
The adder is almost dead.
You feel very sick. The adder bites you. The hobgoblin hits you.
You closely miss the adder.
The adder is almost dead.
You feel very sick. The adder bites you.
The hobgoblin hits you but does no damage.
The adder bites you.
* * * LOW HITPOINT WARNING * * *
You are lethally poisoned!
The adder poisons you! The hobgoblin hits you.
* * * LOW HITPOINT WARNING * * *
* * * LOW HITPOINT WARNING * * *
You feel very sick.
There is an open door here.
There is a lethal amount of poison in your body!
You miss the adder.
The adder is almost dead.
You die...

####.#...............####
#######.#...###...#.........
#.......##### ##.##.###.##..
#.####..# #+##.# #.##.. #..#
#...#.# #..... ####..#
#......# #..### ##.#.....#
##)......# ##....
#.........####.........####...
#.#.....<....@g...............
###.#...####S...............
#.##..# ##.......######.#
......# #.....# ### ##.#####
#...## # #+##


You could see an adder and a hobgoblin.

Vanquished Creatures
  An adder (D:2)
  2 worms (D:2)
  A dart slug (D:1)
  4 bats
  An endoplasm (D:1)
  A giant cockroach (D:1)
  A hobgoblin (D:2)
  2 kobolds
  2 quokkas
  5 ball pythons
  3 goblins
23 creatures vanquished.

Notes
Turn   | Place    | Note
-------+----------+-------------------------------------------
     0 | D:1      | seaoflcl the Human Fighter began the quest for the Orb.
     0 | D:1      | Reached XP level 1. HP: 18/18 MP: 1/1
   382 | D:1      | Reached XP level 2. HP: 18/24 MP: 2/2
   631 | D:1      | Found a faded altar of an unknown god.
  1956 | D:2      | Reached XP level 3. HP: 29/29 MP: 3/3
  2370 | D:2      | Succumbed to an adder's poison

Illustrated notes

Levels and vault maps discovered:
D:1:      amcnicky_arrival_gap_in_the_tavern_cellar, layout_basic,
          serial_rivers, chequers_serial_rivers_room_b,
          chequers_serial_rivers_room_a, chequers_serial_rivers_micro_a,
          chequers_serial_rivers_room_b, chequers_serial_rivers_micro_d,
          hellmonk_ecumenical_altar_lost_god, minmay_misc_feat_room,
          lemuel_another_geyser
D:2:      layout_loops_corners

Action                   || total
-------------------------++-------
Melee: Long sword        ||    82
Armor: Scale mail        ||    54
Dodge: Dodged            ||    42
Block: Buckler           ||    25
